Map: Washout LE

Players

BabyMarine - Winner!

  • Race: Terran Terran
  • Spawn Location: 1:00

Mixu

  • Race: Zerg Zerg
  • League: Grandmaster
  • Spawn Location: 7:00

VOD

Have the link to the VOD?

Description

Time

  • Played on: July 4, 2026, 1:48 p.m.
  • Length: 17:46
Show
View Real Time Build Order
Export as new Build Order

BabyMarine Terran - Winner!

Build Orders:  

Get SALT Encoding   

  8  0:00  SCV  
  9  0:12  SCV  
  10  0:24  SCV  
  11  0:29  Supply Depot  
  11  0:36  SCV  
  12  0:48  SCV  
  13  0:54  Barracks  
  13  1:00  SCV  
  14  1:12  Barracks  
  14  1:17  SCV  
  15  1:30  SCV  
  16  1:40  Marine  
  16  1:42  Orbital Command  
  17  1:59  Marine x2  
  19  2:07  Supply Depot  
  19  2:08  SCV  
  20  2:22  SCV  
  21  2:26  Command Center  
  21  2:34  Refinery  
  21  2:35  SCV  
  21  2:36  Marine  
  23  2:39  Marine  
  24  2:48  SCV  
  24  2:49  Refinery  
  25  2:57  Barracks  
  25  3:01  SCV  
  26  3:13  SCV  
  26  3:17  Barracks Reactor  
  27  3:22  Barracks Tech Lab  
  27  3:25  SCV  
  28  3:37  SCV  
  28  3:39  Orbital Command  
  28  3:41  Marine, Stimpack  
  30  3:45  Barracks Tech Lab  
  30  3:49  SCV  
  30  3:50  Supply Depot  
  30  3:55  Marine x2  
  33  3:58  Marine  
  33  4:01  SCV  
  35  4:05  SCV  
  35  4:06  Factory  
  35  4:07  Marine  
  37  4:15  SCV  
  38  4:17  SCV  
  38  4:18  Marine x3  
  42  4:24  Combat Shield  
  42  4:28  SCV  
  42  4:29  SCV, Supply Depot  
  42  4:31  Marine  
  44  4:37  Marine x2  
  44  4:38  Marine  
  48  4:40  SCV  
  49  4:45  Supply Depot  
  49  4:46  SCV  
  49  4:51  Factory Reactor, Starport  
  50  4:54  Marine x2  
  52  5:00  SCV x2  
  52  5:03  Engineering Bay  
  52  5:05  Marine x2  
  55  5:11  Supply Depot  
  55  5:13  SCV x2  
  57  5:18  Marine x2  
  59  5:23  Marine  
  59  5:25  SCV  
  59  5:26  SCV  
  62  5:29  Refinery  
  62  5:35  Medivac x2  
  66  5:37  SCV, Marine, Supply Depot  
  66  5:38  Supply Depot  
  66  5:41  SCV  
  69  5:43  Marine x2  
  71  5:52  Refinery  
  71  5:55  SCV x2  
  71  5:56  Siege Tank  
  74  5:58  Barracks Reactor  
  74  5:59  Marine  
  74  6:01  Marine  
  76  6:10  Terran Infantry Weapons Level 1  
  76  6:11  Command Center  
  76  6:16  Marine x2  
  76  6:18  SCV x2  
  80  6:19  Marine  
  81  6:28  Siege Tank  
  81  6:29  Supply Depot x2  
  84  6:39  Barracks  
  84  6:41  Marine x2  
  84  6:42  Barracks  
  84  6:43  Marine  
  84  6:44  Marine  
  88  6:48  SCV  
  88  6:51  Marine  
  88  6:53  Medivac  
  88  6:55  Medivac  
  88  6:59  Marine, SCV  
  88  7:00  SCV  
  93  7:02  Siege Tank  
  93  7:04  Marine  
  93  7:05  Marine  
  98  7:11  Marine x2  
  100  7:17  Marine  
  100  7:19  SCV x2  
  100  7:21  Marine  
  104  7:27  Armory  
  104  7:29  Engineering Bay  
  103  7:32  Marine x3  
  103  7:34  Marine  
  103  7:35  SCV  
  103  7:36  Siege Tank  
  103  7:39  Marine  
  103  7:42  Barracks Reactor x2  
  104  7:47  Orbital Command  
  104  7:50  Marine  
  105  7:55  Marine x3  
  105  7:56  SCV  
  105  8:02  SCV  
  105  8:04  Marine  
  105  8:08  Marine, Terran Infantry Armor Level 1  
  105  8:12  SCV x2  
  108  8:13  Marine x2  
  108  8:14  Siege Tank  
  113  8:21  Marine x2  
  113  8:22  Marine x4  
  119  8:27  Supply Depot  
  119  8:28  Supply Depot  
  119  8:33  Marine  
  120  8:36  Marine, SCV  
  120  8:41  Marine x3  
  96  8:47  Marine  
  96  8:48  Marine x3, SCV x2  
  94  8:54  Marine  
  95  8:57  SCV  
  95  8:59  Terran Infantry Weapons Level 2, Marine  
  95  9:00  Liberator x2, SCV  
  104  9:03  Siege Tank  
  104  9:06  SCV  
  104  9:07  Marine x3  
  104  9:08  Marine x2  
  104  9:09  SCV  
  114  9:17  Marine x2  
  113  9:18  Barracks Reactor  
  113  9:19  SCV  
  113  9:21  SCV  
  113  9:23  SCV  
  118  9:25  Marine x3  
  121  9:31  SCV  
  121  9:36  Siege Tank  
  121  9:37  SCV x2  
  121  9:38  Marine x2, Factory  
  126  9:44  Medivac  
  126  9:45  Medivac, SCV  
  132  9:49  SCV  
  132  9:50  Marine x4  
  137  9:59  Marine x2  
  138  10:00  Marine x3  
  138  10:01  SCV  
  143  10:08  Command Center  
  143  10:15  Supply Depot x2  
  143  10:20  SCV  
  141  10:21  Marine  
  141  10:22  Marine, Siege Tank  
  141  10:23  Factory Reactor, Drilling Claws  
  141  10:26  Supply Depot  
  141  10:27  SCV x2  
  141  10:28  Supply Depot  
  144  10:31  Marine x3  
  144  10:32  Marine x3  
  149  10:38  Liberator x2  
  155  10:43  Marine  
  155  10:44  Marine  
  155  10:46  Marauder  
  155  10:48  SCV x2  
  161  10:53  Marine x3  
  161  10:54  Terran Infantry Armor Level 2  
  158  10:57  Marine x2  
  158  10:59  Marine  
  158  11:01  Widow Mine, Marine  
  158  11:03  Widow Mine  
  166  11:07  Marauder  
  164  11:16  Refinery  
  164  11:17  Refinery  
  164  11:21  Marine x6, Barracks  
  164  11:22  Marine, Barracks  
  164  11:23  Barracks  
  171  11:28  SCV x2  
  171  11:30  Sensor Tower  
  170  11:33  Marine x2  
  170  11:38  Marine  
  170  11:39  Marine x4  
  177  11:45  Widow Mine x2  
  177  11:47  SCV  
  171  11:50  SCV x2  
  171  11:51  Planetary Fortress  
  171  11:52  Marauder  
  167  11:58  Medivac x2  
  167  12:01  SCV  
  172  12:02  SCV  
  172  12:07  Marine x3  
  176  12:12  Marine x3  
  176  12:13  Marauder, Barracks Tech Lab x2  
  176  12:14  Barracks Tech Lab  
  180  12:23  Widow Mine x3  
  172  12:30  SCV  
  172  12:35  Marauder  
  166  12:38  Marauder x3  
  166  12:41  SCV x3  
  175  12:44  Widow Mine x2  
  175  12:50  Marine x5  
  175  12:51  Marine x3  
  164  12:52  SCV, Widow Mine  
  164  12:53  SCV x2  
  164  12:56  Marauder  
  172  12:59  Marauder  
  172  13:03  Ghost Academy  
  174  13:06  Widow Mine, Marauder  
  174  13:10  SCV x2  
  174  13:12  Widow Mine  
  184  13:14  Widow Mine  
  184  13:17  Marauder  
  183  13:21  Refinery  
  183  13:22  Command Center  
  183  13:25  Refinery  
  185  13:27  Widow Mine  
  185  13:30  Marauder  
  185  13:31  Marauder x2  
  185  13:33  Widow Mine  
  193  13:35  Widow Mine  
  193  13:41  Marauder, Marine x4  
  179  13:45  Medivac  
  179  13:46  Medivac  
  189  13:48  Widow Mine  
  189  13:52  Marauder x3  
  195  13:58  Command Center  
  195  14:00  Terran Infantry Weapons Level 3  
  187  14:10  Marauder  
  187  14:11  Terran Infantry Armor Level 3  
  187  14:13  Marauder  
  182  14:17  Marine x2  
  182  14:21  Marine x2, Marauder x2  
  190  14:27  Marine x4  
  196  14:31  Marauder  
  196  14:35  Marauder  
  189  14:39  Concussive Shells  
  189  14:42  Terran Vehicle And Ship Armor Level 1  
  189  14:50  Widow Mine x2  
  187  14:54  Liberator x2  
  191  15:01  Marauder x2  
  191  15:02  Marauder x2  
  186  15:17  Widow Mine x2  
  186  15:22  Sensor Tower, Ghost  
  186  15:23  Marauder x3  
  182  15:42  Refinery  
  172  15:43  Refinery, Ghost x3  
  172  15:46  SCV  
  172  15:47  SCV  
  172  15:49  SCV  
  184  15:51  Ghost  
  184  15:55  Marine x2  
  189  15:59  SCV  
  190  16:05  SCV x2  
  181  16:13  Marauder x3  
  185  16:20  Marauder  
  181  16:28  Widow Mine x2  
  167  16:33  Ghost x3  
  173  16:40  Planetary Fortress  
  173  16:41  Ghost  
  173  16:44  Marine x2  
  177  16:52  Marine  
  153  16:56  SCV x2  
  153  17:00  Medivac  
  157  17:01  Marine  
  157  17:03  Marauder x3  
  157  17:04  Marine  
  165  17:10  Marauder  
  165  17:11  SCV x3  
  165  17:15  Orbital Command  
Show
View Real Time Build Order
Export as new Build Order

Mixu Zerg 

Build Orders: Hatch First 

Get SALT Encoding   

  8  0:00  Drone  
  9  0:10  Drone  
  10  0:16  Drone  
  11  0:22  Drone  
  12  0:32  Overlord  
  12  0:39  Extractor, Drone  
  13  0:50  Drone x2  
  15  1:10  Hatchery  
  14  1:13  Drone  
  14  1:18  Drone  
  16  1:32  Spawning Pool  
  15  1:35  Drone  
  15  1:38  Drone  
  17  1:41  Extractor  
  17  1:43  Drone  
  17  1:50  Drone  
  18  2:00  Drone  
  19  2:13  Overlord  
  19  2:22  Queen x2  
  19  2:23  Drone  
  19  2:29  Overlord  
  24  2:47  Drone x4  
  28  2:52  Zergling x2  
  28  2:53  Drone  
  30  3:02  Overlord  
  30  3:04  Drone  
  31  3:09  Drone  
  32  3:15  Hatchery  
  32  3:17  Metabolic Boost  
  31  3:20  Drone  
  31  3:22  Drone  
  31  3:25  Drone  
  34  3:31  Zergling x6  
  36  3:34  Drone x2  
  36  3:38  Overlord  
  38  3:42  Drone  
  38  3:45  Zergling x2  
  40  3:55  Queen  
  40  3:56  Overlord  
  40  3:57  Drone x2  
  40  4:00  Drone  
  45  4:04  Queen  
  45  4:05  Drone  
  45  4:08  Overlord  
  48  4:15  Drone x3  
  51  4:19  Drone x2  
  53  4:24  Evolution Chamber  
  53  4:27  Drone  
  53  4:28  Drone  
  54  4:31  Queen  
  54  4:32  Drone  
  54  4:35  Overlord, Drone  
  54  4:36  Drone  
  59  4:45  Overlord x2  
  59  4:46  Zergling x2  
  59  4:50  Zerg Ground Armor Level 1  
  59  4:51  Queen  
  62  4:56  Zergling x6  
  67  5:00  Zergling x4  
  67  5:01  Zergling x2  
  67  5:08  Overlord  
  67  5:09  Zergling x10  
  72  5:14  Baneling Nest  
  71  5:22  Drone x4  
  71  5:23  Zergling x8  
  71  5:25  Zergling x2  
  71  5:26  Queen  
  81  5:33  Zergling x4  
  81  5:35  Zergling x6  
  86  5:38  Zergling x2  
  85  5:44  Zergling x8  
  85  5:46  Lair  
  85  5:49  Zergling x4  
  91  5:52  Overlord  
  91  5:54  Zergling x6  
  92  5:58  Drone x2  
  92  6:03  Drone x3  
  93  6:07  Drone x2  
  93  6:11  Extractor  
  94  6:12  Drone, Hatchery  
  94  6:13  Extractor  
  93  6:20  Drone x2  
  95  6:27  Drone x3  
  95  6:29  Evolution Chamber  
  95  6:30  Drone  
  98  6:35  Overlord  
  98  6:40  Drone x2  
  98  6:42  Overlord  
  98  6:43  Zergling x10  
  98  6:44  Hatchery  
  98  6:47  Zergling x4  
  89  6:54  Queen  
  89  6:55  Zergling x2  
  89  6:56  Centrifugal Hooks, Zerg Melee Weapons Level 1  
  89  6:57  Baneling x2  
  89  6:58  Zergling x10  
  89  7:00  Zergling x8  
  101  7:02  Zergling x2  
  101  7:03  Baneling x2  
  101  7:04  Baneling  
  101  7:08  Zergling x6  
  105  7:10  Zergling x2  
  106  7:16  Drone  
  106  7:20  Drone x2  
  109  7:25  Zergling x4  
  109  7:27  Zerg Ground Armor Level 2  
  109  7:28  Zergling x14  
  115  7:38  Extractor, Zergling x12  
  115  7:42  Zergling x2  
  115  7:43  Infestation Pit  
  120  7:45  Drone  
  120  7:50  Drone x2  
  123  7:57  Zergling x18  
  124  8:00  Zergling x8  
  124  8:05  Baneling x3, Zergling x6  
  128  8:10  Zergling x4  
  128  8:11  Overlord x3  
  128  8:12  Drone  
  130  8:18  Overlord  
  130  8:20  Hive, Drone  
  130  8:25  Zergling x2  
  131  8:31  Zergling x20  
  134  8:40  Zergling x10  
  131  8:41  Zergling x10  
  131  8:44  Zergling x4  
  127  8:51  Zergling x12  
  127  8:54  Baneling x3  
  129  8:55  Zerg Melee Weapons Level 2  
  129  8:56  Zergling x14  
  129  8:57  Zergling x2  
  129  9:01  Spore Crawler  
  136  9:03  Zergling x14  
  140  9:10  Zergling x10  
  140  9:12  Drone x2  
  145  9:17  Drone x2  
  145  9:18  Drone x2  
  145  9:22  Overlord x3  
  148  9:25  Overlord  
  147  9:31  Overlord  
  147  9:33  Drone x4  
  147  9:34  Overlord  
  147  9:35  Overlord  
  148  9:42  Adrenal Glands  
  148  9:44  Extractor, Drone x5  
  148  9:45  Ultralisk Cavern  
  151  9:46  Drone x2  
  151  9:51  Zerg Ground Armor Level 3  
  152  9:53  Drone  
  153  10:00  Drone x7, Spore Crawler  
  153  10:02  Infestor  
  153  10:07  Infestor  
  161  10:11  Drone x4  
  161  10:12  Zergling x12  
  173  10:20  Zergling x12  
  176  10:25  Hatchery  
  175  10:36  Infestor  
  175  10:39  Infestor  
  174  10:45  Spore Crawler  
  174  10:46  Zergling x18  
  174  10:48  Chitinous Plating  
  183  10:50  Queen  
  183  10:55  Spore Crawler  
  183  10:56  Zergling x4  
  176  11:00  Zergling x10  
  176  11:01  Baneling x9  
  172  11:12  Drone x4  
  172  11:13  Extractor  
  172  11:14  Zergling x6  
  178  11:20  Zergling x10  
  178  11:25  Ultralisk  
  189  11:30  Zergling x8  
  189  11:31  Zergling x4  
  191  11:38  Ultralisk  
  186  11:44  Zergling x2  
  154  11:48  Ultralisk, Zergling x18  
  154  11:52  Zergling x2  
  147  11:54  Zergling x2  
  147  11:59  Zerg Melee Weapons Level 3, Queen x2  
  147  12:00  Queen  
  153  12:04  Zergling x10  
  156  12:10  Ultralisk  
  156  12:11  Queen  
  156  12:14  Zergling x8  
  166  12:18  Zergling x6  
  166  12:22  Zergling x2  
  169  12:29  Zergling x8  
  158  12:34  Zergling x8  
  150  12:38  Zergling x8  
  150  12:43  Ultralisk  
  150  12:44  Zergling x4  
  164  12:46  Zergling x6  
  164  12:47  Zergling x6  
  160  12:51  Queen  
  160  12:52  Spire  
  160  12:53  Drone  
  160  12:54  Queen  
  160  12:56  Drone x3  
  160  12:58  Extractor x2, Ultralisk  
  165  12:59  Zergling x6  
  165  13:02  Drone  
  174  13:07  Drone x3  
  174  13:12  Drone x6  
  176  13:13  Hatchery  
  176  13:15  Zergling x4  
  176  13:19  Burrow  
  167  13:27  Ultralisk x2, Pneumatized Carapace  
  179  13:28  Overseer x2  
  179  13:32  Zergling x2  
  179  13:33  Zergling x4  
  181  13:37  Zergling x10  
  181  13:39  Zergling x2  
  174  13:41  Zergling x8  
  174  13:46  Overseer  
  178  13:50  Zergling x18  
  186  13:59  Ultralisk  
  186  14:01  Corruptor x2  
  196  14:04  Zerg Flyer Armor Level 1  
  193  14:14  Ultralisk  
  181  14:21  Zergling x24  
  191  14:29  Ultralisk  
  181  14:32  Corruptor, Infestor  
  174  14:39  Corruptor  
  174  14:43  Drone x2  
  178  14:51  Drone x6  
  175  14:55  Infestor  
  175  15:04  Queen x5, Zergling x16  
  183  15:12  Infestor x2  
  179  15:21  Zergling x8  
  175  15:28  Zergling x10  
  175  15:33  Zergling x4  
  161  15:36  Infestor  
  161  15:42  Zergling x4  
  157  15:46  Zergling x2  
  157  15:47  Queen  
  154  15:53  Zergling x4  
  154  15:55  Corruptor  
  154  15:57  Hatchery  
  154  15:58  Spore Crawler  
  154  16:00  Corruptor  
  153  16:07  Zergling x4  
  153  16:10  Corruptor  
  151  16:16  Zergling x2  
  151  16:17  Zergling x2  
  145  16:20  Zergling x2  
  145  16:25  Infestor  
  139  16:27  Zergling x4  
  139  16:29  Anabolic Synthesis  
  130  16:33  Zergling x4  
  130  16:35  Zergling x2  
  124  16:43  Drone x17  
  124  16:44  Zergling x2  
  119  16:50  Zergling x4  
  109  16:59  Zergling x4  
  95  17:02  Zergling x2  
  95  17:05  Zergling x2  
  95  17:09  Zergling x2  
  95  17:14  Zergling x2  
  96  17:37  Hatchery  
Tags
 
Matchup
TvZ
Replay Pack
hsc29
Spawn Locations
Cross Positions
Add a new tag
Caveats
  • Supply blocks, unpowered buildings, or Contaminate may cause inaccurate times.
  • Supply counts are checked every 10 seconds.